 Dungeon Crawl Stone Soup version 0.32-a0-898-g7811c86cf0 (webtiles) character file.

Game seed: 4863099592965261096

101234 Biggs the Marksgoblin (level 16, -3/138 HPs)
             Began as a Coglin Hunter on Apr 4, 2024.
             Was the Champion of Okawaru.
             Slain by a jumping spider simulacrum (23 damage)
             ... on level 4 of the Spider Nest.
             The game lasted 00:30:44 (18303 turns).

Biggs the Marksgoblin (Coglin Hunter)              Turns: 18303, Time: 00:30:45

Health: -3/138     AC: 11    Str: 11    XL:     16   Next: 30%
Magic:  17/17      EV: 11    Int: 12    God:    Okawaru [******]
Gold:   1457       SH:  0    Dex: 25    Spells: 15/15 levels left

rFire   . . .        N - +7 hand cannon "Mule" {flame, backblast, rF+}
rCold   . . .        a - +9 sling (heavy) {Wira}
rNeg    . . .        z - +0 steam dragon scales
rPois   +            M - +3 crown of Dyrovepreva {rElec Int+2 SInv}
rElec   +            B - +0 cloak
rCorr   +            d - +0 pair of gloves
SInv    +            f - +0 pair of boots
Will    ++...        (amulet unavailable)
Stlth   +            (ring unavailable)
HPRegen 1.23/turn    (ring unavailable)
MPRegen 0.55/turn    O - superpneumatic whirligig {rPois Will+ Regen+ RegenMP+ rCorr}

%: no passive effects
@: contaminated, held, glowing, revved
A: off-hand wielding, slow wielding, warmup strikes, no jewellery, heat
vulnerability 1
a: Renounce Religion, Heroism, Finesse, Duel


You were on level 4 of the Spider Nest.
You worshipped Okawaru.
Okawaru was exalted by your worship.
You visited 4 branches of the dungeon, and saw 21 of its levels.

You collected 1457 gold pieces.

Inventory:

Hand Weapons
 a - a +9 heavy sling (offhand) {Wira}
 N - the +7 hand cannon "Mule" (weapon) {flame, backblast, rF+}
   (Okawaru gifted it to you on level 4 of the Lair of Beasts)

   rF+:       It protects you from fire.
Missiles
 c - 4 throwing nets
Armour
 d - a +0 pair of gloves (worn)
 f - a +0 pair of boots (worn)
 u - a scarf of repulsion
 z - +0 steam dragon scales (worn)
 B - a +0 cloak (worn)
 M - the +3 crown of Dyrovepreva (worn) {rElec Int+2 SInv}
   (Okawaru gifted it to you on level 4 of the Lair of Beasts)

   Int+2:     It affects your intelligence (+2).
   rElec:     It insulates you from electricity.
   SInv:      It lets you see invisible.
Gizmo
 O - a superpneumatic whirligig (installed) {rPois Will+ Regen+ RegenMP+ rCorr}
   (You invented it yourself on level 5 of the Lair of Beasts)

   [superpneumatic whirligig]

   rPois:     It protects you from poison.
   Will+:     It increases your willpower.
   Regen+:    It increases your rate of health regeneration.
   rCorr:     It protects you from acid and corrosion.
   RegenMP+:  It increases your rate of magic regeneration.
Wands
 p - a wand of roots (14)
 s - a wand of polymorph (13)
 v - a wand of light (6)
 w - a wand of paralysis (10)
 y - a wand of digging (6)
 L - a wand of mindburst (20)
 S - a wand of flame (9)
Scrolls
 b - 2 scrolls of immolation
 k - 8 scrolls of teleportation
 n - a scroll of torment
 o - 2 scrolls of vulnerability
 r - 4 scrolls of identify
 C - 4 scrolls of poison
 D - 2 scrolls of enchant armour
 F - 2 scrolls of summoning
 H - 4 scrolls of enchant weapon
 J - 2 scrolls of revelation
 K - a scroll of amnesia
 R - 2 scrolls of noise
 T - a scroll of blinking {unknown}
Potions
 e - 4 potions of ambrosia
 g - 12 potions of curing
 h - 6 potions of brilliance
 j - 5 potions of attraction
 l - 2 potions of haste
 m - 4 potions of heal wounds
 q - 2 potions of lignification
 t - 3 potions of degeneration {unknown}
 x - 2 potions of mutation {unknown}
 A - a potion of magic {unknown}
 E - 3 potions of enlightenment {unknown}
 G - 2 potions of invisibility {unknown}
 I - a potion of might {unknown}
 P - 2 potions of cancellation {unknown}
 Q - a potion of berserk rage {unknown}


   Skills:
 - Level 15.8 Fighting
 - Level 18.0 Ranged Weapons
 - Level 13.1 Dodging
 - Level 0.7 Stealth
 + Level 2.1 Invocations
 - Level 5.0 Evocations


You had 15 spell levels left.
You didn't know any spells.
Your spell library contained the following spells:

 Spells                   Type           Power      Damage    Failure   Level
 Sublimation of Blood     Necr           0%         N/A       45%         2
 Fugue of the Fallen      Necr           0%         N/A       69%         3
 Ozocubu's Armour         Ice            0%         N/A       69%         3
 Teleport Other           Tloc           0%         N/A       69%         3
 Leda's Liquefaction      Alch/Erth      0%         N/A       97%         4
 Petrify                  Alch/Erth      0%         N/A       97%         4
 Irradiate                Conj/Alch      0%         3d11      100%        5
 Metabolic Englaciation   Hex/Ice        0%         N/A       100%        5
 Dispersal                Tloc           0%         N/A       100%        6
 Gell's Gavotte           Tloc           0%         2d(11-16) 100%        6
 Manifold Assault         Tloc           0%         N/A       100%        7


Dungeon Overview and Level Annotations

Branches:
Dungeon (11/15)            Temple (1/1) D:7            Lair (5/5) D:10
  Swamp (0/4) Lair:2       Spider (4/4) Lair:3        Slime (0/5) Lair:5
    Orc: D:9-12

Altars:
Ashenzari
Cheibriados
Dithmenos
Elyvilon
Fedhas
Gozag
Hepliaklqana
Kikubaaqudgha
Makhleb
Nemelex Xobeh
Okawaru
Qazlal
Ru
Sif Muna
Trog
Uskayaw
Vehumet
Wu Jian
Xom
Yredelemnul
Zin
The Shining One

Annotations:
D:3 2 runed translucent doors, GiantSquids's ghost, amateur CoHu
D:6 2 transporters, Squishy's ghost, novice HuFi
D:8 1 runed translucent door, RoseCult's ghost, novice GrEE


Innate Abilities, Weirdness & Mutations

You can wield a second weapon in your off-hand.
It takes a long time for you to wield or remove held weapons.
Your first few attacks do less damage.
You cannot equip rings or amulets.
You are vulnerable to heat. (rF-)


Message History

The redback bites you!
* * * LOW HITPOINT WARNING * * *
The jumping spider simulacrum pounces on you but does no damage.
The jumping spider simulacrum barely misses you.
The redback bites you but does no damage.
The radroach bites you.
* * * LOW HITPOINT WARNING * * *
The radroach barely misses you.
As you read the scroll of fear, it crumbles to dust.
You assume a fearsome visage.
The jumping spider simulacrum is unaffected.
The redback looks frightened! x2; The jumping spider looks frightened!
The radroach resists with almost no effort.
The jumping spider simulacrum barely misses you.
The jumping spider simulacrum bites you but does no damage.
The jumping spider leaps!
The radroach erupts in a fountain of uncontrolled magic!
You are blasted with magical radiation!!
* * * LOW HITPOINT WARNING * * *
Unknown command.
Unknown command.
Unknown command.
You feel much better.
The jumping spider simulacrum pounces on you but does no damage.
The jumping spider simulacrum barely misses you.
The jumping spider leaps! x2
The jumping spider simulacrum pounces on you!
* * * LOW HITPOINT WARNING * * *
The jumping spider simulacrum freezes you!
* * * LOW HITPOINT WARNING * * *
The jumping spider simulacrum closely misses you.
Cornered, the redback turns to fight!
The radroach waves its antennae.
The radroach barely misses you. The radroach claws you!
* * * LOW HITPOINT WARNING * * *
You feel much better.
The jumping spider leaps!
The jumping spider simulacrum pounces on you!
* * * LOW HITPOINT WARNING * * *
The jumping spider simulacrum freezes you!!
You die...

.###^...# ... .^# .#.##..^#
^.## .○## .#..#..######.^..
s○.. .#..#...#..#^...# ##..##
^..##..##..###... ...^^#
....†.##^...#...##°....#
###....###..##.....##
#.....##.#...##.°B..#
#..##....##..#.Z@#.##
...#..^.##..^##s.###
.#.####....###.<°#.# #
####...(...#.###...### ..#
.#.##..##^....#......## ...##
...#...#.^...###s...^.##....#
...#########...######........
.....^..#^.......^.#.........
.#....^###..##(..............


You could see a radroach (soul bound), a jumping spider (fleeing), 2 redbacks
and a jumping spider simulacrum.

Vanquished Creatures
  4 ghost moths
  An emperor scorpion (Spider:3)
  2 broodmothers (Spider:1)
  A spark wasp (Spider:4)
  A fire dragon (Lair:5)
  4 entropy weavers
  5 hydras
  Harold (D:9)
  An ice dragon (Lair:5)
  2 jorogumos (Spider:1)
  2 boulder beetles
  2 two-headed ogres (D:9)
  10 death yaks
  6 demonic crawlers
  A skyshark (Lair:5)
  Nergalle (Lair:2)
  6 pharaoh ants
  A sun moth (Spider:4)
  6 orb spiders
  A swamp dragon (Lair:5)
  A lindwurm (Lair:5)
  6 steelbarb worms
  10 wolf spiders
  A moth of wrath (Spider:1)
  4 meliai (Spider:4)
  Joseph (D:9)
  3 black mambas
  14 torpor snails
  17 cane toads
  An unseen horror (D:10)
  12 komodo dragons
  9 rime drakes
  2 kobold demonologists
  2 polar bears (Lair:5)
  A troll (D:10)
  10 hornets
  17 tarantellas
  Prince Ribbit (D:9)
  17 dream sheep
  24 jumping spiders
  4 tyrant leeches (Lair:5)
  22 blink frogs
  13 culicivoras
  3 wyverns
  A shadow (D:9)
  46 yaks
  A wraith (D:9)
  A vampire (D:10)
  3 basilisks
  5 steam dragons
  36 redbacks
  12 water moccasins
  A swamp drake (Lair:5)
  5 orc warriors
  4 black bears
  4 ice beasts
  An ogre (D:6)
  12 wolves
  2 centaurs
  3 phantoms
  A weeping skull (D:6)
  4 kobold brigands
  3 gnoll sergeants
  13 bullfrogs
  2 scorpions
  A wight (D:9)
  8 killer bees
  4 electric eels
  6 howler monkeys
  4 bombardier beetles
  A jelly (D:5)
  3 orc priests
  Crazy Yiuf (D:3)
  2 gnoll boudas
  A hound (D:4)
  Natasha (thrice) (D:3)
  2 sleepcaps
  Jessica (D:3)
  11 iguanas
  10 orc wizards
  16 gnolls
  10 adders
  2 ufetubi (D:6)
  6 ribbon worms
  3 dart slugs
  19 orcs
  6 ball pythons
  4 endoplasms
  A giant cockroach (D:4)
  3 goblins
  11 hobgoblins
  5 quokkas
  3 bats
  7 frilled lizards
  10 kobolds
  5 rats
  A spectral orc (D:6)
583 creatures vanquished.

Notes
Turn   | Place    | Note
-------+----------+-------------------------------------------
     0 | D:1      | Biggs the Coglin Hunter began the quest for the Orb.
     0 | D:1      | Reached XP level 1. HP: 16/16 MP: 1/1
   116 | D:1      | Reached skill level 4 in Ranged Weapons
   116 | D:1      | Reached XP level 2. HP: 22/22 MP: 2/2
   204 | D:1      | Found a faded altar of an unknown god.
   646 | D:2      | Reached XP level 3. HP: 27/27 MP: 3/3
   940 | D:2      | Reached skill level 5 in Ranged Weapons
   955 | D:2      | Reached XP level 4. HP: 33/33 MP: 4/4
  1353 | D:3      | Noticed Natasha
  1360 | D:3      | Killed Natasha
  1361 | D:3      | Reached XP level 5. HP: 24/38 MP: 5/5
  1456 | D:3      | Found a white marble altar of Elyvilon.
  1501 | D:3      | Noticed Jessica
  1507 | D:3      | Killed Jessica
  1508 | D:3      | Reached skill level 6 in Ranged Weapons
  1523 | D:3      | Found a runed translucent door.
  1524 | D:3      | Noticed Crazy Yiuf
  1626 | D:3      | Found a runed translucent door.
  1629 | D:3      | Noticed GiantSquids's ghost (amateur CoHu)
  1724 | D:3      | Found a runed translucent door.
  1813 | D:3      | Reached XP level 6. HP: 44/44 MP: 6/6
  1820 | D:3      | Noticed Natasha
  1823 | D:3      | Killed Natasha
  2199 | D:3      | Noticed Natasha
  2205 | D:3      | Killed Natasha
  2521 | D:4      | Noticed an ice beast
  2529 | D:4      | Killed an ice beast
  2530 | D:4      | Reached skill level 7 in Ranged Weapons
  2609 | D:4      | Reached XP level 7. HP: 47/50 MP: 7/7
  2720 | D:4      | Found a sparkling altar of Nemelex Xobeh.
  2932 | D:4      | Reached skill level 8 in Ranged Weapons
  3330 | D:4      | Reached XP level 8. HP: 56/56 MP: 8/8
  3419 | D:5      | Entered Level 5 of the Dungeon
  3425 | D:5      | Reached skill level 9 in Ranged Weapons
  3593 | D:5      | HP: 2/57 [gnoll/+0 whip[a gnoll bouda] (4)]
  3818 | D:5      | Found a shimmering altar of Xom.
  4068 | D:5      | Found a shadowy altar of Dithmenos.
  4097 | D:5      | Reached skill level 5 in Fighting
  4790 | D:6      | Found a transporter.
  4812 | D:6      | Noticed Squishy's ghost (novice HuFi)
  4831 | D:6      | Found a transporter.
  4894 | D:6      | Reached skill level 5 in Dodging
  4894 | D:6      | Reached XP level 9. HP: 68/68 MP: 9/9
  4987 | D:6      | Found a basalt altar of Yredelemnul.
  5405 | D:7      | Found a staircase to the Ecumenical Temple.
  5414 | Temple   | Entered the Ecumenical Temple
  5423 | Temple   | Became a worshipper of Warmaster Okawaru
  5482 | D:7      | Found a glowing golden altar of the Shining One.
  5485 | D:7      | Found a bloodstained altar of Trog.
  5487 | D:7      | Found a shimmering blue altar of Sif Muna.
  5506 | D:7      | Reached skill level 1 in Evocations
  5526 | D:7      | Found a radiant altar of Vehumet.
  5918 | D:8      | Reached skill level 5 in Evocations
  6004 | D:8      | Found a broken altar of Ashenzari.
  6075 | D:8      | Reached * piety under Okawaru
  6225 | D:8      | Reached skill level 10 in Ranged Weapons
  6349 | D:8      | Noticed RoseCult's ghost (novice GrEE)
  6352 | D:8      | Found a runed translucent door.
  6608 | D:9      | Reached XP level 10. HP: 74/74 MP: 10/10
  6625 | D:9      | Noticed a two-headed ogre
  6632 | D:9      | Killed a two-headed ogre
  6632 | D:9      | Reached ** piety under Okawaru
  6633 | D:9      | Reached skill level 11 in Ranged Weapons
  6781 | D:9      | Noticed a two-headed ogre
  6791 | D:9      | Killed a two-headed ogre
  6792 | D:9      | Reached skill level 12 in Ranged Weapons
  7095 | D:9      | Noticed Harold
  7102 | D:9      | Killed Harold
  7102 | D:9      | Reached *** piety under Okawaru
  7581 | D:3      | Killed Crazy Yiuf
  7793 | D:9      | Reached skill level 13 in Ranged Weapons
  7826 | D:9      | Reached **** piety under Okawaru
  7830 | D:9      | Reached XP level 11. HP: 79/79 MP: 11/11
  8067 | D:9      | Noticed Joseph
  8073 | D:9      | Killed Joseph
  8236 | D:9      | Noticed Prince Ribbit
  8611 | D:10     | Entered Level 10 of the Dungeon
  8624 | D:10     | Gained mutation: You are vulnerable to heat. (rF-) [a
                  | neqoxec]
  8652 | D:9      | Killed Prince Ribbit
  8927 | D:10     | Reached skill level 14 in Ranged Weapons
  9226 | D:10     | Reached ***** piety under Okawaru
  9378 | D:10     | Found a staircase to the Lair.
  9575 | Lair:1   | Entered Level 1 of the Lair of Beasts
  9583 | Lair:1   | Received a gift from Okawaru
 10187 | Lair:1   | Reached XP level 12. HP: 86/86 MP: 12/12
 10423 | Lair:1   | Reached skill level 10 in Dodging
 10736 | Lair:2   | Received a gift from Okawaru
 10958 | Lair:2   | Found a staircase to the Swamp.
 11436 | Lair:2   | Noticed Nergalle
 11448 | Lair:2   | Killed Nergalle
 11448 | Lair:2   | Received a gift from Okawaru
 12268 | Lair:3   | Found a hole to the Spider Nest.
 12966 | Lair:4   | Reached XP level 13. HP: 92/92 MP: 13/13
 13029 | Lair:4   | Reached ****** piety under Okawaru
 13029 | Lair:4   | Received a gift from Okawaru
 13043 | Lair:4   | Acquired the +3 crown of Dyrovepreva {rElec Int+2 SInv}
 13043 | Lair:4   | Received a gift from Okawaru
 13043 | Lair:4   | Found the +3 crown of Dyrovepreva {rElec Int+2 SInv}
 13050 | Lair:4   | Acquired the +7 hand cannon "Mule" {flame, backblast, rF+}
 13050 | Lair:4   | Received a gift from Okawaru
 13050 | Lair:4   | Found the +7 hand cannon "Mule" {flame, backblast, rF+}
 13202 | Lair:4   | Received a gift from Okawaru
 13625 | Lair:4   | Reached skill level 10 in Fighting
 14253 | Lair:5   | Entered Level 5 of the Lair of Beasts
 14255 | Lair:5   | Received a gift from Okawaru
 14359 | Lair:5   | Reached skill level 15 in Ranged Weapons
 14385 | Lair:5   | Reached XP level 14. HP: 88/110 MP: 14/14
 14521 | Lair:5   | Acquired a superpneumatic whirligig {rPois Will+ Regen+
                  | RegenMP+ rCorr}
 14571 | Lair:5   | Received a gift from Okawaru
 14680 | Lair:5   | Reached skill level 16 in Ranged Weapons
 15270 | Lair:5   | Received a gift from Okawaru
 15372 | Lair:5   | Reached skill level 17 in Ranged Weapons
 15584 | Lair:5   | Received a gift from Okawaru
 15596 | Lair:5   | Found a staircase to the Slime Pits.
 15833 | Spider:1 | Entered Level 1 of the Spider Nest
 15922 | Spider:1 | Noticed a broodmother
 15935 | Spider:1 | Killed a broodmother
 15936 | Spider:1 | Reached skill level 18 in Ranged Weapons
 15936 | Spider:1 | Reached XP level 15. HP: 93/115 MP: 15/15
 15937 | Spider:1 | Received a gift from Okawaru
 16053 | Spider:1 | Noticed a ghost moth
 16057 | Spider:1 | Killed a ghost moth
 16152 | Spider:1 | Noticed a ghost moth
 16155 | Spider:1 | Killed a ghost moth
 16187 | Spider:1 | Received a gift from Okawaru
 16546 | Spider:1 | Noticed a ghost moth
 16550 | Spider:1 | Killed a ghost moth
 16883 | Spider:3 | Noticed an emperor scorpion
 16903 | Spider:3 | Killed an emperor scorpion
 16903 | Spider:3 | Received a gift from Okawaru
 17418 | Spider:3 | Received a gift from Okawaru
 17779 | Spider:4 | Entered Level 4 of the Spider Nest
 17849 | Spider:4 | Reached XP level 16. HP: 134/134 MP: 16/16
 17905 | Spider:4 | Reached skill level 15 in Fighting
 17942 | Spider:4 | Received a gift from Okawaru
 18232 | Spider:4 | Reached skill level 1 in Invocations
 18301 | Spider:4 | HP: 1/138 [radroach (33)]
 18303 | Spider:4 | Slain by a jumping spider simulacrum

Illustrated notes

Levels and vault maps discovered:
D:1:      ncdulo_halloftheorcs, layout_loops_cross,
          chequers_ecumenical_altar_island, minmay_crystal_room
D:2:      minmay_door_path, layout_rooms, amethyst_killhole
D:3:      layout_basic, elyvilon_altar_5, ebering_ghost_sewer_f,
          uniq_crazy_yiuf_cottage, uniq_jessica, uniq_natasha
D:4:      layout_loops_corners, nemelex_diamond_rough_becter
D:5:      layout_loops_ring, grunt_dithmenos_shadows,
          mainiacjoe_overflow_chevrons
D:6:      layout_basic, yredelemnul_forgotten_temple_becter,
          gammafunk_ghost_stat_death, roderic_roman_lattice
D:7:      layout_cave_pools, nicolae_vehumet_radiance,
          grunt_temple_overflow_open, minmay_temple_entry_gardened_gates
D:8:      layout_basic, evilmike_ruin_ashenzari, hellmonk_ghost_happy_afterlife
D:9:      minmay_razor_zed, layout_irregular_city, uniq_harold,
          uniq_prince_ribbit1, uniq_joseph
D:10:     layout_roguey, lair_entry_dummy
D:11:     layout_roguey [special_room_orc], kennysheep_cluttered_room,
          kennysheep_another_room, wad_dig_loot
Temple:   nicolae_temple_ecumenical_triangle
Lair:1:   layout_chaotic_city, grunt_megastairs_3, infiniplex_staircase_pool_2
Lair:2:   layout_gridlike, swamp_mist_pool, uniq_nergalle
Lair:3:   layout_regular_city, nicolae_spider_entry_lesser_pyramids,
          serial_bayou_lagoon_b
Lair:4:   layout_regular_city, nicolae_lair_run_with_the_wolves,
          serial_bayou_shore_a, lemuel_fruit_fields
Lair:5:   wormcave, layout_concentric_octagons, guppyfry_lair_end_dragon,
          slime_entry_1, serial_bayou_shore_b
Spider:1: layout_spider_delve, nicolae_spider_some_kinda_spiderbox
Spider:2: layout_spider_delve
Spider:3: layout_cave_pods
Spider:4: hellmonk_spider_rune_bug_friends

Skill      XL: |  1  2  3  4  5  6  7  8  9 10 11 12 13 14 15 16 |
---------------+-------------------------------------------------+-----
Ranged Weapons | 4 5 6 7 8 9 10 13 14 15 18 | 18.0
Fighting       | 5 10 14 15 | 15.8
Dodging        | 5 9 13 | 13.1
Evocations     | 5 |  5.0
Invocations    | 2 |  2.1
Stealth        | |  0.7

Action                     |  1- 3 |  4- 6 |  7- 9 | 10-12 | 13-15 | 16-18 || total
---------------------------+-------+-------+-------+-------+-------+-------++-------
   Fire: Sling             |   128 |   224 |   518 |  1004 |   674 |    78 ||  2626
         Hand cannon       |       |       |       |       |   614 |    78 ||   692
 Invoke: Receive Weapon    |       |       |       |       |     1 |       ||     1
         Receive Armour    |       |       |       |       |     1 |       ||     1
Ability: Invent Gizmo      |       |       |       |       |     1 |       ||     1
  Evoke: Wand              |       |       |     1 |     4 |       |       ||     5
    Use: Scroll            |       |     7 |     9 |    12 |    10 |     2 ||    40
         Potion            |       |       |       |       |       |     3 ||     3
 Armour: Leather armour    |     5 |    20 |    66 |       |       |       ||    91
         Steam dragon scal |       |       |       |   123 |    74 |    38 ||   235
  Dodge: Dodged            |     5 |    14 |    59 |   122 |   150 |    72 ||   422
         Repelled          |       |       |     3 |     1 |       |       ||     4

Table legend: (Time is in decaauts)
 A = Elapsed time spent in this place.
 B = Non-inter-level travel time spent in this place.
 C = Inter-level travel time spent in this place.
 D = Time resting spent in this place.
 E = Time spent auto-exploring this place.
 F = Levels seen in this place.
 G = Mean time per level.
                   A        B        C        D        E       F      G
               +--------+--------+--------+--------+--------+-----+--------+
         Total |  18417 |  17607 |    810 |    850 |  13962 |  21 |  877.0 |
       Dungeon |   9608 |   9040 |    568 |    581 |   7187 |  11 |  873.5 |
        Temple |     18 |      2 |     16 |      0 |      0 |   1 |   18.0 |
          Lair |   6303 |   6145 |    158 |    211 |   4948 |   5 | 1260.6 |
   Spider Nest |   2486 |   2418 |     68 |     57 |   1826 |   4 |  621.5 |
               +--------+--------+--------+--------+--------+-----+--------+

Top non-repeatable levels by time:
     D:9: 1893 daAuts
  Lair:5: 1578 daAuts
     D:3: 1372 daAuts
  Lair:4: 1346 daAuts
     D:4: 1171 daAuts
  Lair:3: 1168 daAuts
  Lair:1: 1146 daAuts
  Lair:2: 1063 daAuts
Spider:3: 1052 daAuts
     D:5: 981 daAuts
Spider:1: 894 daAuts
     D:7: 779 daAuts
     D:8: 778 daAuts
    D:10: 777 daAuts
     D:1: 648 daAuts
